 Dungeon Crawl Stone Soup version 0.29-a0-333-gb4c28e87c6 (webtiles) character file.

Game seed: 6758093504850300634

28 Jortsu the Skirmisher (level 2, -2/24 HPs)
             Began as a Demonspawn Fighter on Apr 13, 2022.
             Slain by a worm (7 damage)
             ... on level 2 of the Dungeon.
             The game lasted 00:00:38 (649 turns).

Jortsu the Skirmisher (Demonspawn Fighter)           Turns: 649, Time: 00:00:38

Health: -2/24      AC:  6    Str: 16    XL:     2   Next: 96%
Magic:  2/2        EV:  8    Int:  9    God:
Gold:   39         SH:  4    Dex: 12    Spells: 1/1 levels left

rFire   . . .      SeeInvis .   a - +0 war axe
rCold   . . .      Faith    .   c - +0 buckler
rNeg    . . .      Spirit   .   b - +0 scale mail
rPois   .          Reflect  .   (helmet restricted)
rElec   .          Harm     .   (no cloak)
rCorr   .          Rampage  .   (no gloves)
Will    .....                   (no boots)
Stlth   ..........              (no amulet)
HPRegen 0.08/turn               (no ring)
MPRegen 0.08/turn               (no ring)

@: no status effects
A: antennae 1
a: no special abilities


You were on level 2 of the Dungeon.
You visited 1 branch of the dungeon, and saw 2 of its levels.

You collected 39 gold pieces.

Inventory:

Hand Weapons
 a - a +0 war axe (weapon)
Armour
 b - a +0 scale mail (worn)
 c - a +0 buckler (worn)
Scrolls
 f - a scroll of identify {unknown}
Potions
 d - a potion of might
 e - 3 potions of curing {unknown}


   Skills:
 + Level 3.4 Fighting
 + Level 2.1 Axes
 + Level 2.9 Armour
 + Level 3.0 Shields


You had one spell level left.
You didn't know any spells.
Your spell library was empty.

Dungeon Overview and Level Annotations

Branches:
Dungeon (1/15)

Altars:


Innate Abilities, Weirdness & Mutations

You have a pair of small antennae on your head.


Message History

The adder is heavily wounded.
The adder barely misses you. The adder closely misses you.
You barely miss the adder.
The adder is heavily wounded.
The adder bites you. The adder barely misses you.
You slash the adder!
You kill the adder!
Your Axes skill increases to level 2!
A worm comes into view.
A bat comes into view.
The bat moves out of view.
You hit the worm.
The worm is moderately wounded.
The worm bites you!
You hit the worm.
The worm is moderately wounded.
The worm bites you!
You slash the worm!
The worm is almost dead.
The bat barely misses you. The worm closely misses you.
You slash the worm!
You kill the worm!
The bat closely misses you. The bat barely misses you.
You slash the bat!
You kill the bat!
Found 6 gold pieces.
You see here a bat corpse.
A worm comes into view.
You hit the worm.
The worm is lightly wounded.
The worm bites you.
You hit the worm.
The worm is lightly wounded.
The worm bites you!
* * * LOW HITPOINT WARNING * * *
You barely miss the worm.
The worm is lightly wounded.
The worm bites you!
You die...

.♣.♣.♣.♣.♣ .# .#
....$....# .#..
♣.♣.♣.♣.♣#.#.###
#..............#
#♣.♣.♣.♣.♣....#..
##..........#.....
##.♣.♣.♣.♣†♣...##.#
#......†...@w......
#.............#....
#.!..........## .
#..........###
#..........#
#...?.†.......
#..........###
#.........##
#.....$....#


You could see a worm.

Vanquished Creatures
  An adder (D:2)
  A worm (D:2)
  A dart slug (D:1)
  A bat (D:2)
  A hobgoblin (D:2)
  4 jackals (D:1)
  2 quokkas (D:1)
  2 frilled lizards (D:1)
13 creatures vanquished.

Vanquished Creatures (others)
  A plant (D:2)
1 creature vanquished.

Grand Total: 14 creatures vanquished

Notes
Turn   | Place    | Note
-------+----------+-------------------------------------------
     0 | D:1      | Jortsu the Demonspawn Fighter began the quest for the Orb.
     0 | D:1      | Reached XP level 1. HP: 18/18 MP: 1/1
   318 | D:1      | Gained mutation: You have a pair of small antennae on your
                  | head. [demonic ancestry]
   318 | D:1      | Reached XP level 2. HP: 24/24 MP: 2/2
   389 | D:1      | Found Pasew's Assorted Antiques.
   510 | D:1      | You fall into a shaft and drop 1 floor!
   649 | D:2      | Slain by a worm

Illustrated notes

Levels and vault maps discovered:
D:1:      lightli_arrival_quake, layout_loops_ring, serial_shops,
          nicolae_diamond_shop, serial_aquarium, aquarium_bridge_square
          [aquarium_subvault_window, aquarium_subvault_balcony,
          aquarium_subvault_bridge, aquarium_subvault_wall],
          aquarium_window_corridor_3, aquarium_window_fake, aquarium_view_2e,
          aquarium_pool_1, lemuel_flame_loot_1
D:2:      layout_rooms, serial_forest, infiniplex_forest_lined_room_3,
          infiniplex_forest_diagonal, infiniplex_forest_clump_tiny,
          infiniplex_forest_end_double, infiniplex_forest_3_way,
          infiniplex_forest_clump_small, infiniplex_forest_clump_medium,
          uniq_terence

Skill      XL: |  1  2 |
---------------+-------+-----
Shields        | 3 |  3.0
Axes           | 2 |  2.1
Fighting       | |  3.4
Armour         | |  2.9

Action                   || total
-------------------------++-------
Melee: War axe           ||    48
Armor: Scale mail        ||    21
Dodge: Dodged            ||    28
Block: Buckler           ||    14

Table legend: (Time is in decaauts)
 A = Elapsed time spent in this place.
 B = Non-inter-level travel time spent in this place.
 C = Inter-level travel time spent in this place.
 D = Time resting spent in this place.
 E = Time spent auto-exploring this place.
 F = Levels seen in this place.
 G = Mean time per level.
                   A        B        C        D        E       F      G
               +--------+--------+--------+--------+--------+-----+--------+
         Total |    669 |    669 |      0 |    140 |    412 |   2 |  334.5 |
       Dungeon |    669 |    669 |      0 |    140 |    412 |   2 |  334.5 |
               +--------+--------+--------+--------+--------+-----+--------+

Top non-repeatable levels by time:
     D:1: 522 daAuts
     D:2: 147 daAuts
